 Dungeon Crawl Stone Soup version 0.20.1-1-g8b1a95d (webtiles) character file.

7155 pTCGFNYNwU3Fd6TS the Fighter (level 10, -7/97 HPs)
             Began as a Minotaur Berserker on Nov 6, 2017.
             Was an Elder of Trog.
             Killed from afar by Erica (41 damage)
             ... with a bolt of poison
             ... on level 8 of the Dungeon.
             The game lasted 01:09:01 (10641 turns).

pTCGFNYNwU3Fd6TS the Fighter (Minotaur Berserker)  Turns: 10641, Time: 01:09:02

Health: -7/97      AC:  8    Str: 24    XL:     10   Next: 86%
Magic:  1/3        EV: 13    Int:  4    God:    Trog [****..]
Gold:   278        SH: 10    Dex: 11    Spells: 9/9 levels left

rFire    + . .     SeeInvis .   B - +2 mace (antimagic)
rCold    . . .     Gourm    .   M - +0 shield
rNeg     . . .     Faith    .   v - +3 leather armour {rF+}
rPois    .         Spirit   .   (helmet restricted)
rElec    .         Reflect  .   A - +0 cloak
rCorr    .         Harm     .   (no gloves)
MR       ++...                  (no boots)
Stlth    ..........             i - amulet of rage
Regen    1.3/turn               g - ring of loudness
MPRegen  0.1/turn               (no ring)

@: lethally poisoned (-7 -> -8), berserk cooldown, regenerating, slowed, very
slow
A: retaliatory headbutt, horns 2
a: Berserk, Trog's Hand, Brothers in Arms, Burn Spellbooks, Renounce Religion,
Evoke Berserk Rage


You were on level 8 of the Dungeon.
You worshipped Trog.
Trog was greatly pleased with you.
You were hungry.

You visited 1 branch of the dungeon, and saw 9 of its levels.

You collected 326 gold pieces.
You spent 48 gold pieces at shops.

Inventory:

Hand Weapons
 a - a +0 mace
 h - a +1 whip of draining
 r - a +1 mace of holy wrath
 y - a +1 dagger of venom
 z - a +4 quarterstaff of chaos
 B - a +2 antimagic mace (weapon)
 L - a +1 flail of venom
Missiles
 d - 248 stones (quivered)
 J - 2 throwing nets
Armour
 t - a +0 scale mail
 v - a +3 leather armour of fire resistance (worn)
 A - a +0 cloak (worn)
 F - a +0 plate armour
 M - a +0 shield (worn)
Jewellery
 g - a ring of loudness (left hand)
 i - an amulet of rage (around neck)
Scrolls
 b - a scroll of silence {unknown}
 e - 8 scrolls of remove curse
 f - 6 scrolls of teleportation
 j - 3 scrolls of enchant armour
 k - a scroll of fear {unknown}
 l - 2 scrolls of identify
 p - a scroll of fog {unknown}
 s - a scroll of random uselessness {unknown}
 C - a scroll of amnesia {unknown}
 D - 2 scrolls of magic mapping {unknown}
 K - 2 scrolls of immolation {unknown}
 N - a scroll of acquirement {unknown}
Potions
 n - a potion of curing
 o - 3 potions of invisibility
 q - a potion of berserk rage
 u - 2 potions of cancellation
 w - 3 potions of ambrosia
 x - a potion of agility {unknown}
 H - 3 potions of degeneration {unknown}
 I - a potion of might {unknown}
Comestibles
 c - 5 fruits
 m - 3 meat rations
 E - 2 royal jellies
 G - a bread ration
 O - 4 chunks of flesh


   Skills:
 * Level 12.1 Fighting
 + Level 11.9 Maces & Flails
 + Level 9.1 Armour
 + Level 7.8 Dodging
 + Level 6.0 Shields
 + Level 1.4 Evocations


You had 9 spell levels left.
You didn't know any spells.

Dungeon Overview and Level Annotations

Branches:
Dungeon (9/15)             Temple (0/1) D:6            Lair (0/6) D:8
    Orc: D:9-12

Altars:
Kikubaaqudgha
Makhleb
Nemelex Xobeh
Okawaru
Qazlal
Ru
Trog
Xom

Shops:
D:6 ?(}   D:7 :   D:8 ?

Annotations:
D:8 Erica


Innate Abilities, Weirdness & Mutations

You reflexively headbutt those who attack you in melee.
You have a pair of horns on your head.


Message History

You thump Erica!
Erica's magic leaks into the air.
Erica is almost dead.
You block the hippogriff's attack. The hippogriff pecks you.
The hippogriff claws you but does no damage.
Erica hits you with a scimitar of flaming.
Erica burns you.
Your ogre barely misses Erica.
The hippogriff bites you! The hippogriff closely misses you.
The hippogriff claws you but does no damage.
You closely miss Erica.
Erica is almost dead.
Erica mumbles some strange words.
Erica flickers and vanishes!
Deactivating autopickup; reactivate with Ctrl-A.
The hippogriff barely misses you. You block the hippogriff's attack.
The hippogriff claws you.
You hear some strange, mumbled words.
A bolt of poison appears from out of thin air!
The bolt of poison hits you!
You are poisoned.
You die...

#.#.# .# #.#.#
..# #.#.# #.#
#.#.# #.# #.#.#
#.# #.#.# #.#
#.#.########.# #
#.#.OHY......#.#
#...@{G..[.....#
###.############
###


You could see a hippogriff, an eye of draining, an ice beast and a friendly ogre
(berserk).

Vanquished Creatures
  A troll (D:8)
  Grinder (D:5)
  A hippogriff (D:7)
  A wyvern (D:8)
  A basilisk (D:8)
  Eustachio (D:4)
  Menkaure (D:5)
  A water moccasin (D:5)
  2 porcupines (D:8)
  2 orc warriors
  An ice beast (D:5)
  4 phantoms
  2 sky beasts
  4 black bears
  3 wolves
  6 ogres
  2 crocodiles (D:8)
  2 centaurs (D:7)
  Blork the orc (D:4)
  A big kobold (D:7)
  3 bullfrogs
  A gnoll sergeant (D:7)
  2 scorpions
  5 wights (D:7)
  6 killer bees
  5 crimson imps
  3 bullfrog zombies (D:5)
  5 orc priests
  4 hounds
  12 orc wizards
  4 iguanas
  Crazy Yiuf (D:3)
  6 worker ants
  A hound zombie (D:7)
  8 gnolls
  7 adders
  A howler monkey skeleton (D:6)
  An ooze (D:2)
  An adder skeleton (D:3)
  2 dart slugs
  4 leopard geckos
  24 orcs
  A ball python (D:1)
  4 bats
  5 giant cockroaches
  14 goblins
  6 hobgoblins
  6 jackals
  6 quokkas
  5 frilled lizards
  10 kobolds
  A quokka skeleton (D:4)
  A quokka zombie (D:5)
  7 rats
210 creatures vanquished.

Vanquished Creatures (others)
  A fungus (D:8)
  A plant (D:8)
2 creatures vanquished.

Grand Total: 212 creatures vanquished

Notes
Turn   | Place    | Note
-------+----------+-------------------------------------------
     0 | D:1      | pTCGFNYNwU3Fd6TS the Minotaur Berserker began the quest for the Orb.
     0 | D:1      | Reached XP level 1. HP: 19/19 MP: 0/0
   302 | D:1      | Reached skill level 4 in Fighting
   353 | D:1      | Reached XP level 2. HP: 22/27 MP: 1/1
   892 | D:1      | Reached XP level 3. HP: 30/33 MP: 2/2
  1388 | D:2      | Reached ** piety under Trog
  1925 | D:2      | Reached XP level 4. HP: 41/41 MP: 3/3
  2046 | D:2      | Found a burning altar of Makhleb.
  2052 | D:2      | Reached skill level 5 in Maces & Flails
  2344 | D:3      | Reached skill level 5 in Fighting
  2407 | D:3      | Reached XP level 5. HP: 39/48 MP: 4/4
  3385 | D:3      | Reached *** piety under Trog
  3669 | D:3      | Found a runed door.
  3673 | D:3      | Noticed Crazy Yiuf
  3677 | D:3      | Killed Crazy Yiuf
  3677 | D:3      | Reached XP level 6. HP: 56/56 MP: 5/5
  3909 | D:4      | Found a sparkling altar of Nemelex Xobeh.
  3910 | D:4      | Found a burning altar of Makhleb.
  3911 | D:4      | Found a sacrificial altar of Ru.
  3911 | D:4      | Found a stormy altar of Qazlal.
  3982 | D:5      | Entered Level 5 of the Dungeon
  4007 | D:4      | Reached skill level 6 in Fighting
  4041 | D:4      | Noticed Blork the orc
  4182 | D:4      | Killed Blork the orc
  4182 | D:4      | Reached XP level 7. HP: 64/64 MP: 2/6
  4495 | D:4      | Found a shimmering altar of Xom.
  4598 | D:4      | Noticed Eustachio
  4620 | D:4      | Killed Eustachio
  4620 | D:4      | Reached skill level 7 in Fighting
  5074 | D:4      | Reached XP level 8. HP: 44/73 MP: 2/7
  5568 | D:4      | Reached skill level 10 in Fighting
  5568 | D:4      | Reached skill level 5 in Shields
  5568 | D:4      | Reached XP level 9. HP: 86/86 MP: 2/8
  5626 | D:5      | Reached **** piety under Trog
  6094 | D:5      | Found an ancient bone altar of Kikubaaqudgha.
  6236 | D:5      | Reached skill level 11 in Fighting
  6301 | D:5      | Noticed Menkaure
  6310 | D:5      | Killed Menkaure
  6776 | D:5      | Noticed Grinder
  6807 | D:5      | Paralysed by Grinder for 2 turns
  6810 | D:5      | Killed Grinder
  7086 | D:6      | Found a staircase to the Ecumenical Temple.
  7332 | D:6      | Found Ujuariur's Antique Weapon Shop.
  7352 | D:6      | Found Cegumoyg's Magic Scroll Shoppe.
  7486 | D:6      | Found Plog's Gadget Shop.
  7915 | D:6      | Found an iron altar of Okawaru.
  8233 | D:6      | Reached XP level 10. HP: 54/96 MP: 3/9
  8684 | D:7      | Found a bloodstained altar of Trog.
  9258 | D:7      | Found Ruycai's Book Emporium.
  9316 | D:8      | Found Lulibrin's Magic Scroll Boutique.
  9320 | D:8      | Bought a scroll of teleportation for 48 gold pieces
  9387 | D:8      | Found a staircase to the Lair.
  9484 | D:7      | Reached skill level 1 in Evocations
 10195 | D:8      | Reached ***** piety under Trog
 10281 | D:8      | Reached skill level 12 in Fighting
 10626 | D:8      | Noticed Erica
 10641 | D:8      | Killed from afar by Erica

Skill      XL: |  1  2  3  4  5  6  7  8  9 10 |
---------------+-------------------------------+-----
Fighting       | 4 5 6 7 10 11 12 | 12.1
Maces & Flails | 4 5 6 7 11 | 11.9
Dodging        | 3 4 6 7 |  7.8
Armour         | 3 4 7 8 9 |  9.1
Shields        | 5 6 |  6.0
Evocations     | 1 |  1.4

Action                   |  1- 3 |  4- 6 |  7- 9 | 10-12 || total
-------------------------+-------+-------+-------+-------++-------
Melee: Mace              |    83 |   103 |   195 |   172 ||   553
       Headbutt          |    16 |    17 |    46 |    49 ||   128
Throw: Stone             |       |     3 |       |       ||     3
Invok: Berserk           |       |     5 |    10 |     7 ||    22
       Trog's Hand       |       |       |     2 |     2 ||     4
       Burn Spellbooks   |       |       |       |     1 ||     1
       Brothers in Arms  |       |       |       |     1 ||     1
  Use: Scroll            |       |       |    10 |       ||    10
       Potion            |       |       |     1 |       ||     1
  Eat: Chunk             |     3 |     6 |    15 |    11 ||    35
       Bread ration      |       |     2 |     1 |     1 ||     4
       Fruit             |       |       |     1 |       ||     1
Armor: Animal skin       |     3 |       |       |       ||     3
       Leather armour    |    18 |    36 |    46 |    54 ||   154
       Scale mail        |       |    17 |       |       ||    17
Dodge: Dodged            |    54 |    84 |    94 |   107 ||   339
Block: Shield            |       |       |       |    96 ||    96
